 Dungeon Crawl Stone Soup version 0.30-a0-250-g41c1d76940 (webtiles) character file.

Game seed: 4141030015017259440

107 gzilladon the Covered (level 4, -1/40 HPs)
             Began as a Minotaur Fighter on Oct 12, 2022.
             Slain by a lemure (4 damage)
             ... led by Pikel
             ... on level 4 of the Dungeon.
             The game lasted 00:08:29 (2833 turns).

gzilladon the Covered (Minotaur Fighter)            Turns: 2833, Time: 00:08:30

Health: -1/40      AC:  9    Str: 23    XL:     4   Next: 56%
Magic:  3/3        EV:  7    Int:  5    God:
Gold:   234        SH:  4    Dex:  9    Spells: 3/3 levels left

rFire   . . .      SeeInvis .    a - +0 war axe
rCold   . . .      Faith    .    c - +0 buckler
rNeg    . . .      Spirit   .    f - +0 chain mail
rPois   .          Reflect  .    (helmet restricted)
rElec   .          Harm     .    k - scarf {shadows}
rCorr   .          Rampage  .    (no gloves)
Will    .....                    (no boots)
Stlth   ..........               (no amulet)
HPRegen 0.26/turn                (no ring)
MPRegen 0.08/turn                (no ring)

@: no status effects
A: horns 2, retaliatory headbutt
a: no special abilities


You were on level 4 of the Dungeon.
You visited 1 branch of the dungeon, and saw 4 of its levels.

You collected 234 gold pieces.

Inventory:

Hand Weapons
 a - a +0 war axe (weapon)
Missiles
 i - 29 stones (quivered)
 q - 4 boomerangs
Armour
 b - a +0 scale mail
 c - a +0 buckler (worn)
 f - a +0 chain mail (worn)
 k - a scarf of shadows (worn)
Magical Staves
 m - a staff of death
Jewellery
 n - a ring of protection from fire
Scrolls
 e - 3 scrolls of noise {unknown}
 g - a scroll of fear {unknown}
 h - 2 scrolls of immolation {unknown}
 o - a scroll of brand weapon {unknown}
 s - 5 scrolls of identify {unknown}
 t - a scroll of vulnerability {unknown}
 u - 2 scrolls of torment {unknown}
 v - a scroll of blinking {unknown}
 x - a scroll of teleportation {unknown}
Potions
 d - a potion of might
 j - a potion of invisibility {unknown}
 l - a potion of berserk rage {unknown}
 p - a potion of mutation {unknown}
 r - a potion of degeneration {unknown}
 w - 2 potions of curing {unknown}


   Skills:
 + Level 4.2 Fighting
 * Level 4.2 Axes
 + Level 4.5 Armour
 + Level 0.1 Dodging
 + Level 4.1 Shields


You had 3 spell levels left.
You didn't know any spells.
Your spell library was empty.

Dungeon Overview and Level Annotations

Branches:
Dungeon (4/15)
 Temple: D:4-7

Altars:

Shops:
D:1 (   D:3 [

Annotations:
D:4 Pikel


Innate Abilities, Weirdness & Mutations

You have a pair of horns on your head.
You reflexively headbutt those who attack you in melee.


Message History

The lemure moves out of view.
Pikel, Merchant of Souls comes into view.
He is wielding a +0 whip of flaming and wearing a +1 robe of fire resistance.
Pikel shouts!
The lemure shouts!
You hear an angry hiss.
A lemure and an adder come into view.
The lemure shouts!
The adder hisses angrily.
You closely miss the lemure. Your headbutt misses the lemure.
The lemure hits you but does no damage.
You completely miss the lemure. Your headbutt misses the lemure.
The lemure hits you.
You hit the lemure but do no damage. Your headbutt misses the lemure.
You barely miss the lemure. The lemure hits you!
The lemure barely misses you. x2
The lemure hits you but does no damage.
You miss the lemure. You headbutt the lemure.
The lemure is moderately wounded.
You completely miss the lemure. You hit the lemure. The lemure hits you.
You block the lemure's attack.
You barely miss the lemure.
The lemure is moderately wounded.
You hit the lemure. You hit Pikel. You block the lemure's attack.
The lemure hits you. The lemure closely misses you. You furiously retaliate!
You headbutt the lemure! Pikel hits you but does no damage.
You barely miss the adder. You hit the lemure. You closely miss the lemure.
You hit Pikel but do no damage. The adder barely misses you.
The lemure hits you! The lemure hits you but does no damage.
Pikel cracks his whip.
Pikel barely misses you. The adder bites you but does no damage.
You slash the adder!
You kill the adder!
You barely miss Pikel.
You hit the lemure. x2; You closely miss the lemure.
Pikel hits you with a +0 whip of flaming!
* * * LOW HITPOINT WARNING * * *
Pikel burns you.
* * * LOW HITPOINT WARNING * * *
The lemure hits you but does no damage. x2; You block the lemure's attack.
You closely miss the lemure. You closely miss Pikel.
You closely miss the lemure. You hit the lemure but do no damage. x2
The lemure hits you.
* * * LOW HITPOINT WARNING * * *
The lemure hits you.
You die...

# .#. #...#. ...#
#...... ....####......
## .....#......####.#
#...........<...# ..
###..K55..........#.##
.....5@........)......
....##5.....).........
.. #.............###
##...........##
###.###.###.# ### ###
##


You could see Pikel and 4 lemures.

Vanquished Creatures
  An orc wizard (D:4)
  2 adders
  A dart slug (D:2)
  3 orcs (D:3)
  4 endoplasms
  A giant cockroach (D:2)
  5 goblins
  11 hobgoblins
  6 jackals
  7 kobolds
  2 quokkas
  A ball python (D:1)
  A bat (D:1)
  2 frilled lizards
  6 rats
53 creatures vanquished.

Vanquished Creatures (others)
  2 plants
2 creatures vanquished.

Grand Total: 55 creatures vanquished

Notes
Turn   | Place    | Note
-------+----------+-------------------------------------------
     0 | D:1      | gzilladon the Minotaur Fighter began the quest for the Orb.
     0 | D:1      | Reached XP level 1. HP: 19/19 MP: 0/0
    67 | D:1      | Found Narac Xell's Antique Weapon Shop.
   123 | D:1      | Found a faded altar of an unknown god.
   214 | D:1      | Reached XP level 2. HP: 25/27 MP: 1/1
  1255 | D:2      | Reached XP level 3. HP: 31/33 MP: 2/2
  2216 | D:3      | Found Yzxyqew's Antique Armour Shop.
  2341 | D:3      | Reached XP level 4. HP: 37/40 MP: 3/3
  2823 | D:4      | Noticed a lemure
  2823 | D:4      | Noticed a lemure
  2823 | D:4      | Noticed a lemure
  2824 | D:4      | Noticed Pikel
  2825 | D:4      | Noticed a lemure
  2833 | D:4      | Slain by a lemure

Illustrated notes

Levels and vault maps discovered:
D:1:      dpeg_arrival_arbitrary_a, layout_basic,
          hellmonk_ecumenical_altar_inner_sanctum, serial_shops, shop
D:2:      layout_loops_ring, chequers_serial_rivers_large_a
D:3:      cheibrodos_old_hovel, layout_basic, serial_shops,
          nicolae_shop_overgrown_old_shop, kennysheep_small_spiral
D:4:      layout_cave_pools, mainiacjoe_overflow_surrounded_room,
          nicolae_gozag_cash_rules_everything_around_me, serial_bayou,
          serial_bayou_shore_b, serial_bayou_ford_a, serial_bayou_lagoon_b,
          serial_bayou_pond_a, serial_shops, shop, uniq_pikel, uniq_sigmund

Skill      XL: |  1  2  3  4 |
---------------+-------------+-----
Armour         | 4 |  4.5
Fighting       | 4 |  4.2
Shields        | 4 |  4.1
Axes           | 3 4 |  4.2
Dodging        | |  0.1

Action                   |  1- 3 |  4- 6 || total
-------------------------+-------+-------++-------
Melee: War axe           |   103 |    23 ||   126
       Headbutt          |    16 |     3 ||    19
Armor: Chain mail        |    56 |    22 ||    78
Dodge: Dodged            |    41 |     5 ||    46
Block: Buckler           |    23 |     4 ||    27

Table legend: (Time is in decaauts)
 A = Elapsed time spent in this place.
 B = Non-inter-level travel time spent in this place.
 C = Inter-level travel time spent in this place.
 D = Time resting spent in this place.
 E = Time spent auto-exploring this place.
 F = Levels seen in this place.
 G = Mean time per level.
                   A        B        C        D        E       F      G
               +--------+--------+--------+--------+--------+-----+--------+
         Total |   2894 |   1974 |    920 |     84 |      0 |   4 |  723.5 |
       Dungeon |   2894 |   1974 |    920 |     84 |      0 |   4 |  723.5 |
               +--------+--------+--------+--------+--------+-----+--------+

Top non-repeatable levels by time:
     D:1: 1056 daAuts
     D:3: 1036 daAuts
     D:2: 713 daAuts
     D:4: 88 daAuts
